Map: Heavy Artillery LE

Players

Jacer

  • Race: Terran Terran
  • League: Platinum
  • Spawn Location: 1:00

magician

  • Race: Protoss Protoss
  • League: Platinum
  • Spawn Location: 3:00

Massa

  • Race: Terran Terran
  • League: Gold
  • Spawn Location: 7:00

qqq

  • Race: Protoss Protoss
  • Spawn Location: 7:00

VOD

Have the link to the VOD?

Description

Time

  • Played on: July 16, 2020, 12:51 p.m.
  • Length: 19:27
Show
View Real Time Build Order
Export as new Build Order

Jacer Terran 

Build Orders:  

Get SALT Encoding   

  12  0:02  SCV  
  14  0:14  SCV  
  14  0:17  Supply Depot  
  14  0:26  SCV  
  15  0:38  SCV  
  15  0:40  Barracks  
  16  0:46  Refinery  
  16  0:51  SCV  
  17  1:03  SCV  
  18  1:15  SCV  
  19  1:28  SCV  
  20  1:38  Supply Depot  
  20  1:46  Marine  
  21  1:53  Orbital Command  
  22  2:15  Barracks Tech Lab  
  20  2:18  Command Center  
  20  2:20  Barracks Reactor  
  21  2:22  SCV  
  21  2:28  Factory  
  21  2:34  SCV  
  22  2:57  SCV  
  22  2:59  Marine x2  
  24  3:09  SCV  
  25  3:13  Factory Tech Lab  
  25  3:20  Refinery, Barracks  
  25  3:22  SCV  
  25  3:25  Marine x2  
  28  3:34  SCV  
  28  3:36  Siege Tank  
  28  3:37  Orbital Command  
  32  3:44  Engineering Bay  
  32  3:46  SCV  
  33  3:48  Marine x2  
  33  3:52  Supply Depot  
  35  3:58  SCV  
  35  4:01  Orbital Command  
  36  4:03  Starport  
  36  4:08  Marine x2  
  36  4:09  Barracks Tech Lab  
  38  4:17  Siege Tank  
  42  4:38  SCV  
  42  4:41  SCV  
  43  4:48  Stimpack  
  43  4:49  Marine x3  
  43  4:50  SCV  
  47  4:53  SCV  
  47  4:58  Missile Turret  
  48  5:02  SCV  
  48  5:05  SCV, Missile Turret  
  50  5:07  Starport Reactor, Marine  
  50  5:08  Missile Turret  
  51  5:14  SCV  
  51  5:15  Missile Turret  
  51  5:17  SCV  
  51  5:18  Missile Turret  
  53  5:22  Terran Infantry Weapons Level 1  
  53  5:26  SCV  
  54  5:41  SCV  
  54  6:01  Refinery  
  54  6:03  Refinery  
  54  6:04  Supply Depot  
  54  6:06  Engineering Bay  
  54  6:07  Supply Depot  
  54  6:08  Supply Depot  
  54  6:14  Barracks  
  54  6:18  SCV x2, Medivac x2  
  54  6:19  Marauder  
  54  6:25  Marine x2  
  64  6:28  Combat Shield  
  64  6:31  SCV x2  
  66  6:33  Armory  
  66  6:36  Terran Infantry Armor Level 1  
  66  6:40  Marauder  
  66  6:43  SCV x2, Marine x2  
  72  6:50  Medivac, Supply Depot  
  74  6:54  Supply Depot  
  74  6:55  SCV  
  74  6:59  Siege Tank  
  75  7:02  Marauder  
  77  7:11  Missile Turret  
  77  7:17  SCV x2  
  77  7:21  Command Center  
  79  7:23  Barracks Reactor, Marauder  
  79  7:26  Terran Vehicle Weapons Level 1  
  81  7:31  Siege Tank  
  84  7:41  Terran Infantry Weapons Level 2  
  83  8:01  Marine x3  
  83  8:02  Marine x2  
  88  8:09  Medivac  
  88  8:10  Medivac, Supply Depot x2  
  92  8:19  Marine x4  
  95  8:25  Siege Tank  
  99  8:33  Supply Depot  
  99  8:37  Orbital Command  
  99  8:39  Marine  
  99  8:40  Marauder, Marine x3  
  105  8:42  Terran Infantry Armor Level 2  
  105  8:49  Medivac  
  107  8:57  Marine  
  107  8:58  Marine x3  
  107  9:01  Marine  
  112  9:15  Marine  
  112  9:16  Marine  
  114  9:21  Terran Vehicle And Ship Armor Level 1  
  114  9:23  Marauder, Marine x2  
  118  9:31  Orbital Command, Siege Tank  
  118  9:32  Barracks  
  118  9:33  Barracks, Marine x2  
  118  9:37  Barracks  
  118  9:38  Missile Turret  
  123  9:41  Marine x2  
  123  9:44  Marauder, Missile Turret  
  123  9:45  Missile Turret  
  127  9:50  Refinery  
  127  9:52  SCV x2  
  129  9:55  Refinery  
  129  9:57  SCV  
  130  10:03  Siege Tank  
  130  10:04  SCV x2  
  130  10:06  Marauder  
  137  10:09  SCV  
  138  10:15  Missile Turret  
  138  10:16  SCV, Missile Turret  
  138  10:17  SCV, Missile Turret  
  140  10:21  SCV  
  141  10:44  Terran Infantry Weapons Level 3  
  141  10:45  Barracks Tech Lab  
  141  10:46  Barracks Tech Lab x2  
  141  10:48  Barracks Reactor  
  141  10:49  Barracks Reactor  
  141  10:52  SCV x3  
  141  11:31  Command Center, Siege Tank  
  144  11:35  Concussive Shells, Supply Depot  
  144  11:36  Supply Depot  
  144  11:37  Medivac x2, Supply Depot  
  148  11:42  Supply Depot  
  148  12:03  Siege Tank  
  148  12:04  Marauder x2, Marine  
  148  12:05  Marine x7  
  148  12:07  Medivac x2  
  166  12:22  Marine  
  158  12:23  Marine x7  
  158  12:25  Marauder  
  158  12:26  Marauder  
  167  12:35  Siege Tank  
  168  12:37  Medivac  
  168  12:40  Marine  
  168  12:41  Marine x7  
  172  12:46  Marine  
  172  12:47  Marauder  
  175  12:58  Marine x2  
  104  13:45  Siege Tank  
  104  13:46  Marauder x2, Marine  
  99  13:49  Marine x2  
  99  13:50  Marine x5  
  104  14:04  Marine  
  104  14:06  Terran Vehicle Weapons Level 2, Terran Infantry Armor Level 3  
  104  14:07  Marine x5  
  104  14:08  Marauder x2, Marine x2  
  115  14:17  Siege Tank  
  115  14:22  Marine  
  119  14:25  Marine x7  
  119  14:26  Command Center  
  119  14:29  Marauder x2  
  122  14:39  Marine  
  122  14:42  Marine  
  122  14:43  Marine  
  111  14:48  Marine  
  111  14:49  Marine x4, Siege Tank  
  111  14:50  Marauder x2  
  123  14:57  Marine  
  124  15:00  Barracks, Marine  
  124  15:01  Marine  
  124  15:02  Barracks  
  124  15:04  Barracks  
  124  15:06  Marine  
  124  15:07  Marine x4  
  127  15:10  Medivac x2  
  127  15:12  Marauder x2  
  139  15:15  Marine  
  139  15:18  Marine  
  139  15:19  Marine  
  128  15:21  Siege Tank  
  130  15:28  Marine  
  130  15:29  Marine x4  
  130  15:33  Marauder x2, Marine  
  140  15:36  Marine x2  
  140  15:39  Orbital Command  
  140  15:40  Refinery, Medivac x2  
  146  15:46  Marine  
  146  15:47  Marine x4  
  151  15:51  Marine  
  151  15:53  Hi-Sec Auto Tracking  
  151  15:54  Marauder, Marine x2, Siege Tank  
  151  15:55  Marauder  
  161  16:04  Marine x2  
  161  16:05  Marine x3  
  161  16:07  Barracks Reactor, Barracks Tech Lab  
  161  16:08  Barracks Reactor  
  166  16:16  Marauder x2  
  166  16:17  Refinery  
  170  16:22  Terran Vehicle And Ship Armor Level 2  
  170  16:25  Marine x7  
  171  16:26  Marine x2, Siege Tank  
  182  16:37  Marauder x2  
  186  16:43  Marine x4  
  176  16:59  Marauder x2  
  176  17:19  Marine x6  
  180  18:17  Marine  
Show
View Real Time Build Order
Export as new Build Order

magician Protoss 

Build Orders: 1 Gate Expand, Oracle Opening, Carriers 

Get SALT Encoding   

  12  0:01  Probe  
  13  0:13  Probe  
  14  0:21  Pylon  
  14  0:25  Probe  
  15  0:40  Probe  
  16  0:44  Gateway  
  16  0:48  Probe  
  16  0:50  Assimilator  
  17  0:58  Probe  
  18  1:27  Probe  
  19  1:33  Cybernetics Core  
  19  1:43  Nexus  
  19  1:44  Probe  
  20  1:53  Assimilator  
  20  1:56  Probe  
  21  2:10  Adept  
  23  2:19  Pylon  
  23  2:36  Robotics Facility  
  24  2:37  Probe  
  24  2:42  Stargate  
  24  2:49  Pylon  
  24  2:52  Warp Gate  
  24  3:01  Probe x2  
  26  3:13  Probe x2  
  28  3:25  Gateway, Forge  
  28  3:26  Oracle  
  28  3:30  Twilight Council  
  28  3:32  Assimilator  
  28  3:36  Assimilator  
  31  3:51  Observer  
  32  3:57  Probe  
  32  3:58  Probe  
  34  4:13  Phoenix  
  36  4:17  Immortal  
  36  4:23  Probe x2  
  42  4:35  Probe x2  
  44  4:47  Probe  
  44  4:51  Phoenix  
  45  4:53  Protoss Ground Weapons Level 1  
  44  5:11  Stargate  
  44  5:15  Stargate  
  44  5:16  Stalker x2  
  44  5:20  Probe x2  
  50  5:29  Pylon  
  50  5:32  Probe x2  
  50  5:35  Phoenix  
  54  5:59  Phoenix x2  
  54  6:01  Probe x2  
  60  6:09  Probe  
  60  6:10  Probe  
  60  6:15  Fleet Beacon  
  62  6:25  Pylon  
  62  6:28  Pylon, Protoss Air Weapons Level 1  
  62  6:43  Probe, Phoenix  
  62  6:44  Phoenix  
  67  6:48  Phoenix, Pylon  
  67  6:51  Pylon  
  67  6:52  Probe  
  70  6:55  Probe  
  71  7:08  Phoenix  
  71  7:09  Phoenix  
  71  7:13  Phoenix  
  77  7:29  Nexus  
  83  7:37  Carrier  
  83  7:49  Carrier  
  89  8:04  Assimilator  
  89  8:06  Probe x2  
  89  8:08  Assimilator  
  91  8:14  Pylon x2  
  91  8:16  Pylon  
  91  8:18  Probe  
  86  8:45  Carrier x2  
  78  8:48  Carrier  
  88  9:03  Probe x2  
  88  9:04  Probe  
  91  9:15  Probe x2  
  91  9:16  Probe  
  94  9:19  Pylon  
  94  9:20  Mothership  
  94  9:24  Probe  
  94  9:28  Probe  
  96  9:33  Protoss Air Weapons Level 2  
  104  9:46  Carrier  
  104  9:52  Probe x2  
  112  10:04  Probe x2  
  120  10:14  Carrier  
  120  10:16  Probe, Carrier  
  121  10:28  Protoss Shields Level 1  
  119  11:05  Nexus  
  119  11:07  Assimilator  
  119  11:11  Assimilator  
  119  11:13  Photon Cannon  
  119  11:16  Photon Cannon  
  119  11:18  Pylon  
  119  11:19  Carrier, Pylon  
  119  11:21  Carrier  
  119  11:23  Carrier  
  137  11:47  Pylon  
  137  11:50  Probe x2, Pylon  
  137  11:51  Probe  
  137  11:52  Protoss Air Armor Level 1  
  137  11:53  Cybernetics Core  
  140  12:02  Probe  
  140  12:03  Probe x2  
  143  12:13  Carrier  
  143  12:15  Carrier  
  143  12:21  Probe x3  
  143  12:22  Probe  
  147  12:25  Carrier  
  165  12:48  Protoss Shields Level 2  
  165  12:56  Protoss Air Weapons Level 3  
  165  13:01  Probe x3  
  165  13:02  Probe  
  165  13:04  Photon Cannon  
  169  13:05  Photon Cannon  
  169  13:07  Photon Cannon  
  169  13:09  Stargate  
  169  13:10  Photon Cannon  
  140  13:56  Carrier x3  
  158  14:20  Mothership  
  166  14:26  Carrier  
  172  14:35  Protoss Air Armor Level 2  
  166  16:12  Carrier x3  
  184  16:29  Carrier  
  172  17:06  Carrier  
  172  17:07  Carrier x2  
  166  17:23  Carrier  
  171  18:10  Carrier  
  171  18:11  Carrier  
  183  18:44  Stalker  
  183  18:47  Stalker  
  187  19:17  Nexus  
Show
View Real Time Build Order
Export as new Build Order

Massa Terran 

Build Orders:  

Get SALT Encoding   

  12  0:02  SCV  
  13  0:17  Supply Depot  
  13  0:18  SCV  
  14  0:30  SCV  
  15  0:40  Barracks  
  15  0:42  SCV  
  16  0:52  Refinery  
  16  0:54  SCV  
  17  1:06  SCV  
  18  1:18  SCV  
  19  1:30  SCV  
  20  1:38  Reaper  
  21  1:42  SCV  
  23  2:04  Orbital Command  
  22  2:10  Reaper  
  22  2:16  Command Center  
  22  2:42  Reaper  
  22  3:01  SCV  
  23  3:16  Barracks  
  23  3:22  Supply Depot  
  23  3:23  Supply Depot  
  23  3:25  Supply Depot x2  
  23  3:27  SCV, Reaper  
  23  3:28  SCV  
  26  3:35  Refinery  
  26  3:39  SCV  
  26  3:40  SCV  
  26  3:41  Factory  
  28  3:46  Supply Depot  
  28  3:48  Engineering Bay  
  28  3:51  SCV  
  28  3:52  SCV  
  30  4:04  SCV  
  30  4:05  Orbital Command  
  30  4:09  Barracks Tech Lab, Marine  
  32  4:15  Barracks  
  32  4:16  SCV  
  33  4:27  Marine  
  33  4:28  SCV  
  34  4:40  SCV  
  34  4:42  Factory Tech Lab  
  34  4:45  Marine  
  33  5:02  Marine  
  33  5:04  Missile Turret  
  33  5:06  Terran Infantry Weapons Level 1  
  34  5:11  Siege Tank  
  37  5:15  Barracks Tech Lab  
  37  5:17  Stimpack  
  37  5:20  Marine  
  38  5:23  SCV x2  
  38  5:25  Missile Turret  
  40  5:29  Marauder  
  42  5:35  SCV x2  
  42  5:38  Marine  
  44  5:45  Missile Turret  
  43  5:50  Marauder  
  43  5:51  Marauder  
  43  5:55  Concussive Shells  
  43  5:56  Marine  
  48  6:00  SCV  
  48  6:01  SCV  
  48  6:02  Refinery  
  50  6:12  Marauder x2  
  50  6:13  SCV x2  
  50  6:14  Marine  
  50  6:16  Refinery  
  57  6:20  Command Center  
  57  6:22  Siege Tank  
  57  6:25  SCV x2  
  62  6:31  Marine  
  63  6:33  Marauder  
  63  6:34  Marauder  
  67  6:40  Supply Depot  
  67  6:42  Supply Depot  
  67  6:45  Supply Depot  
  67  6:49  Marine, Missile Turret  
  68  6:59  Armory  
  68  7:00  Terran Infantry Armor Level 1, Combat Shield  
  68  7:02  Marauder x2  
  72  7:09  Barracks  
  72  7:16  Barracks  
  72  7:24  Starport  
  72  7:27  Starport  
  72  7:33  Marauder x2, Marine  
  77  7:40  SCV x2  
  79  7:48  SCV  
  79  7:51  Marine  
  81  7:52  SCV x2  
  81  7:54  Marauder x2  
  87  8:00  SCV, Missile Turret  
  87  8:04  SCV x2  
  90  8:05  Barracks Reactor  
  90  8:06  Barracks Tech Lab  
  90  8:08  Marine  
  90  8:10  Starport Tech Lab  
  91  8:13  SCV  
  91  8:14  Liberator  
  91  8:15  Marauder, Marine  
  91  8:18  SCV x2  
  100  8:25  SCV, Supply Depot  
  100  8:26  Marine  
  102  8:29  Marauder, Supply Depot  
  102  8:30  SCV x2  
  102  8:33  Marauder  
  106  8:37  SCV, Marauder  
  109  8:44  Marine  
  109  8:47  Missile Turret  
  110  8:50  Marine  
  110  8:51  Marauder, Marine  
  110  8:54  Marine  
  115  8:58  Marauder  
  115  8:59  SCV x3  
  120  9:07  Missile Turret  
  120  9:11  SCV x2  
  120  9:12  SCV, Marauder  
  120  9:13  Marauder  
  127  9:17  Terran Infantry Weapons Level 2  
  127  9:19  Terran Vehicle Weapons Level 1  
  127  9:20  Marauder  
  127  9:23  SCV x2  
  127  9:24  SCV  
  132  9:25  Engineering Bay  
  132  9:29  Missile Turret  
  132  9:36  SCV  
  132  9:37  Supply Depot  
  133  9:41  Supply Depot  
  133  9:42  Supply Depot  
  133  9:46  Supply Depot  
  133  9:48  Refinery  
  133  9:49  Missile Turret  
  133  9:51  Command Center  
  133  9:53  Orbital Command  
  133  9:58  Banshee, Supply Depot  
  133  9:59  Medivac  
  138  10:01  Refinery  
  138  10:04  Thor  
  138  10:05  Marauder, Supply Depot  
  146  10:11  Missile Turret  
  146  10:29  Medivac  
  148  10:36  Barracks Tech Lab  
  148  10:41  Banshee  
  151  10:51  Marauder x3, Marine x2  
  151  10:53  Thor  
  165  11:09  Marine  
  166  11:12  Marauder  
  166  11:13  Marauder  
  170  11:21  Terran Infantry Armor Level 2  
  170  11:23  Terran Vehicle And Ship Armor Level 1  
  170  11:36  Marine  
  170  11:37  Marauder x3, Marine x2  
  170  11:39  Thor  
  185  11:43  Medivac x2  
  189  11:52  Command Center  
  189  11:59  Cloaking Field  
  189  12:13  Medivac x2  
  186  12:15  Planetary Fortress  
  186  12:23  Marine  
  186  12:24  Marauder x4, Marine  
  195  12:40  SCV  
  196  12:46  Supply Depot  
  196  13:07  SCV x2, Marauder  
  200  13:15  SCV  
  200  13:17  Marine x2, Medivac x2  
  200  13:18  Marauder x3  
  185  13:27  SCV  
  185  13:29  Marauder  
  167  13:35  Marine x2  
  167  13:39  Marauder x3  
  167  13:40  SCV  
  155  13:47  Medivac, Thor  
  140  13:50  Marine  
  140  13:53  Marine x2  
  107  13:56  Factory  
  107  13:57  SCV  
  107  13:58  SCV x4  
  107  14:00  Marine x2  
  107  14:01  Marauder  
  112  14:07  Marine  
  108  14:10  SCV x5  
  108  14:11  Marine x2  
  112  14:18  Marine x2  
  112  14:20  Missile Turret  
  112  14:21  Marine  
  112  14:22  SCV  
  116  14:25  Marine, Viking x2  
  116  14:28  Marine  
  116  14:29  Marine  
  116  14:30  Thor  
  129  14:36  Marine x2, Missile Turret  
  129  14:37  Missile Turret  
  129  14:39  Marine  
  129  14:40  Missile Turret  
  128  14:55  Viking x2  
  125  15:00  Missile Turret  
  125  15:04  Marauder x3  
  125  15:05  Marine x2  
  129  15:10  Factory Tech Lab  
  129  15:13  Thor  
  92  15:23  Marine x2  
  92  15:25  Marauder, Viking x2  
  92  15:26  Marauder  
  88  15:41  Marine x2  
  89  15:45  Command Center  
  89  15:47  Marauder x2  
  93  15:50  SCV  
  93  15:55  Command Center  
  94  15:58  Marine  
  94  15:59  Marine, Thor  
  94  16:03  SCV  
  103  16:04  Factory  
  103  16:08  Marauder x2, Missile Turret  
  106  16:12  Command Center  
  106  16:15  SCV  
  106  16:16  Marine  
  106  16:17  Marine  
  103  16:27  SCV  
  103  16:29  Marauder  
  103  16:31  Engineering Bay  
  101  16:39  SCV  
  26  17:20  SCV  
  24  17:24  Barracks  
  24  17:25  SCV  
  18  17:30  SCV  
  18  17:32  SCV  
  18  17:36  Barracks  
  11  17:39  Barracks x2  
  11  17:42  SCV  
  11  18:01  Barracks  
  11  18:03  Barracks  
  2  18:49  SCV  
  2  18:53  Supply Depot  
  3  18:57  Supply Depot  
Show
View Real Time Build Order
Export as new Build Order

qqq Protoss 

Build Orders: 1 Gate Expand, Phoenix Opening, Carriers, Mass Phoenix 

Get SALT Encoding   

  12  0:01  Probe  
  13  0:23  Pylon  
  13  0:25  Pylon  
  13  0:27  Probe  
  14  0:43  Gateway  
  14  0:50  Pylon  
  14  0:56  Probe  
  15  1:09  Probe  
  16  1:32  Probe  
  17  1:34  Nexus  
  17  1:41  Cybernetics Core  
  17  1:50  Assimilator  
  17  1:55  Assimilator  
  17  1:58  Probe  
  18  2:10  Probe  
  19  2:22  Probe  
  20  2:34  Probe  
  21  2:46  Probe  
  22  2:51  Stargate  
  22  2:53  Probe  
  23  2:58  Probe  
  23  3:05  Probe  
  25  3:13  Probe  
  25  3:14  Assimilator  
  25  3:19  Assimilator  
  26  3:21  Probe  
  26  3:26  Stargate  
  27  3:32  Probe  
  28  3:35  Forge  
  28  3:37  Phoenix  
  30  3:44  Probe  
  31  3:56  Probe  
  31  4:02  Phoenix  
  34  4:03  Protoss Air Weapons Level 1  
  34  4:08  Probe  
  35  4:12  Phoenix  
  37  4:20  Probe  
  38  4:27  Phoenix  
  40  4:32  Probe  
  41  4:40  Phoenix  
  41  4:44  Probe  
  44  4:52  Phoenix  
  46  4:56  Probe  
  47  5:05  Phoenix  
  49  5:08  Probe  
  50  5:17  Phoenix  
  50  5:20  Probe  
  53  5:33  Probe  
  54  5:45  Probe  
  54  5:47  Phoenix  
  53  5:54  Phoenix  
  53  5:59  Probe  
  53  6:01  Nexus  
  54  6:05  Pylon  
  54  6:08  Pylon  
  54  6:13  Protoss Air Armor Level 1  
  54  6:22  Pylon  
  54  6:23  Probe, Phoenix  
  54  6:25  Fleet Beacon  
  57  6:29  Pylon  
  57  6:34  Phoenix  
  57  6:35  Probe  
  60  6:47  Probe  
  60  6:48  Phoenix  
  63  6:59  Probe  
  63  7:00  Phoenix  
  64  7:04  Photon Cannon  
  64  7:08  Photon Cannon  
  64  7:11  Probe  
  64  7:13  Phoenix  
  67  7:30  Probe  
  67  7:34  Anion Pulse-Crystals  
  68  7:38  Phoenix  
  68  7:39  Carrier  
  68  7:42  Probe  
  77  7:52  Pylon, Stargate  
  77  7:54  Probe  
  78  8:03  Tempest  
  83  8:06  Probe  
  84  8:18  Probe  
  85  8:30  Probe  
  80  8:43  Probe  
  80  8:44  Carrier  
  80  8:46  Phoenix  
  87  8:55  Probe  
  84  9:03  Assimilator  
  84  9:07  Probe, Assimilator  
  85  9:11  Phoenix  
  85  9:12  Photon Cannon  
  85  9:15  Photon Cannon  
  85  9:16  Shield Battery  
  87  9:19  Carrier  
  87  9:24  Nexus  
  93  9:26  Pylon  
  93  9:28  Pylon  
  93  9:30  Probe, Pylon  
  94  9:36  Phoenix  
  96  9:43  Probe  
  97  9:48  Carrier  
  103  9:53  Mothership  
  111  10:33  Carrier x2  
  123  10:42  Robotics Facility  
  117  11:10  Carrier  
  123  11:13  Probe  
  123  11:17  Photon Cannon  
  124  11:19  Photon Cannon  
  124  11:22  Photon Cannon  
  124  11:24  Photon Cannon  
  124  11:25  Probe  
  124  11:28  Photon Cannon  
  124  11:30  Shield Battery  
  124  11:32  Shield Battery  
  125  11:35  Shield Battery  
  125  11:37  Probe, Photon Cannon, Carrier  
  125  11:38  Photon Cannon  
  125  11:39  Photon Cannon  
  132  11:42  Observer  
  132  11:43  Photon Cannon  
  132  11:45  Photon Cannon  
  133  11:48  Assimilator  
  133  11:50  Probe  
  134  11:54  Stargate, Assimilator  
  134  11:57  Carrier  
  140  12:02  Probe  
  141  12:14  Probe, Phoenix  
  144  12:47  Pylon  
  144  12:50  Pylon  
  144  13:05  Carrier x2  
  156  13:08  Carrier  
  162  13:21  Pylon  
  162  13:26  Pylon  
  156  13:32  Pylon  
  144  13:40  Pylon  
  92  13:49  Pylon  
  92  13:51  Tempest  
  92  13:55  Probe  
  87  13:56  Pylon  
  87  14:00  Photon Cannon  
  87  14:07  Probe  
  87  14:09  Probe, Tempest x2  
  99  14:12  Tempest  
  104  14:19  Probe  
  104  14:21  Probe  
  107  14:31  Probe  
  107  14:33  Stargate  
  107  14:34  Tempest, Stargate  
  112  14:43  Probe  
  113  14:52  Tempest x2  
  123  14:55  Tempest, Probe  
  129  15:07  Probe  
  130  15:19  Probe  
  124  15:31  Probe  
  91  16:08  Cybernetics Core  
  76  17:18  Stargate  
  76  17:20  Stargate  
  76  17:22  Stargate  
  76  17:25  Stargate  
  61  17:33  Stargate  
  61  17:36  Stargate, Pylon  
  61  17:39  Pylon  
  61  17:43  Pylon  
  60  17:57  Pylon  
  60  18:00  Pylon  
  60  18:06  Stargate  
  64  18:12  Fleet Beacon  
Tags
 
Add a new tag
Caveats
  • Supply blocks, unpowered buildings, or Contaminate may cause inaccurate times.
  • Supply counts are checked every 10 seconds.